 Dungeon Crawl Stone Soup version 0.30-a0-694-g3340775977 (webtiles) character file.

Game seed: 12930487351031970091

267 Alitron123 the Firebug (level 6, -2/49 HPs)
             Began as a Naga Fire Elementalist on Jan 19, 2023.
             Slain by a gnoll
             ... wielding a +0 spear
              (4 damage)
             ... on level 3 of the Dungeon.
             The game lasted 00:07:50 (4287 turns).

Alitron123 the Firebug (Naga Fire Elementalist)     Turns: 4287, Time: 00:07:51

Health: -2/49      AC:  5    Str: 10    XL:     6   Next: 21%
Magic:  2/11       EV:  5    Int: 17    God:
Gold:   163        SH:  0    Dex: 18    Spells: 9/12 levels left

rFire   . . .      SeeInvis +    o - +4 quarterstaff (chaos)
rCold   . . .      Faith    .    (shield currently unavailable)
rNeg    . . .      Spirit   .    a - +0 robe
rPois   +          Reflect  .    (no helmet)
rElec   .          Harm     .    p - +1 cloak
rCorr   .          Rampage  .    (no gloves)
Will    .....                    (no barding)
Stlth   +++                      (no amulet)
HPRegen 0.28/turn                d - +6 ring of dexterity
MPRegen 0.12/turn                (no ring)

@: held, very slow
A: AC +2, large, see invisible, deformed body, poison resistance, slowness 2,
spit poison 1, naga tail 1
a: Spit Poison


You were on level 3 of the Dungeon.
You visited 1 branch of the dungeon, and saw 3 of its levels.

You collected 163 gold pieces.

Inventory:

Hand Weapons
 o - a +4 quarterstaff of chaos (weapon)
Armour
 a - a +0 robe (worn)
 p - a +1 cloak (worn)
Jewellery
 d - a +6 ring of dexterity (left hand)
 e - a ring of ice
Scrolls
 c - 3 scrolls of magic mapping {unknown}
 g - 4 scrolls of poison {unknown}
 j - a scroll of enchant weapon {unknown}
 q - a scroll of teleportation {unknown}
Potions
 f - 2 potions of heal wounds {unknown}
 h - a potion of experience {unknown}
 i - 2 potions of lignification {unknown}
 k - 2 potions of invisibility {unknown}
 m - a potion of mutation {unknown}
 n - a potion of ambrosia {unknown}


   Skills:
 + Level 1.8 Dodging
 + Level 3.8 Stealth
 + Level 0.4 Unarmed Combat
 + Level 3.8 Spellcasting
 + Level 1.8 Conjurations
 + Level 4.8 Fire Magic


You had 9 spell levels left.
You knew the following spells:

 Your Spells              Type           Power      Damage    Failure   Level
a - Foxfire               Conj/Fire      56%        2x1d6     4%          1
b - Scorch                Fire           38%        2d6       3%          2

Your spell library contained the following spells:

 Spells                   Type           Power      Damage    Failure   Level
 Beastly Appendage        Tmut           6%         N/A       16%         1
 Inner Flame              Hex/Fire       11%        N/A       19%         3
 Wereblood                Tmut           3%         N/A       24%         2
 Kindle Blastsparks       Fire/Tloc/Air  16%        2d11      24%         3
 Flame Wave               Conj/Fire      14%        2d6       38%         4
 Call Canine Familiar     Summ           3%         N/A       43%         3
 Portal Projectile        Hex/Tloc       6%         N/A       43%         3
 Spider Form              Tmut/Pois      3%         N/A       43%         3
 Leda's Liquefaction      Hex/Erth       1%         N/A       85%         4


Dungeon Overview and Level Annotations

Branches:
Dungeon (3/15)

Altars:
Sif Muna


Innate Abilities, Weirdness & Mutations

Your serpentine skin is tough. (AC +2)
You have supernaturally acute eyesight. (SInv)
Armour fits poorly on your strangely shaped body.
Your system is resistant to poisons. (rPois)
You cover ground very slowly.
You can spit poison.
You have a snake-like lower body.


Message History

You kill the hobgoblin!
The foxfire hits the gnoll.
The gnoll is heavily wounded.
The gnoll hits you from afar with a +0 spear.
The foxfire hits the gnoll.
The gnoll is severely wounded.
Casting: Foxfire (safe; 4% risk of failure)
Confirm with . or Enter, or press ? or * to list all spells.
You don't have enough magic to cast this spell.
The foxfire hits the gnoll but does no damage.
The gnoll is severely wounded.
Things that are here:
a +0 sling; a goblin corpse The gnoll hits you from afar with a +0 halberd.
* * * LOW HITPOINT WARNING * * *
The gnoll barely misses you. The gnoll completely misses you.
The gnoll hits you from afar with a +0 halberd!
* * * LOW HITPOINT WARNING * * *
The gnoll hits you but does no damage.
Things that are here:
a +0 sling; a goblin corpse
There is an open door here.
The gnoll throws a throwing net.
The throwing net hits you.
You become entangled in the net!
The gnoll hits you but does no damage.
The kobold throws a stone.
The stone hits you but does no damage.
You see here a throwing net.
You can't close doors while held in a net.
You can't close doors while held in a net.
You tear a large gash into the net.
The gnoll hits you but does no damage. The gnoll closely misses you.
You shred the net and break free!
The gnoll throws a throwing net.
The throwing net hits you.
You become entangled in the net!
The gnoll hits you from afar with a +0 spear.
* * * LOW HITPOINT WARNING * * *
You struggle against the net.
The gnoll hits you from afar with a +0 halberd.
* * * LOW HITPOINT WARNING * * *
The gnoll hits you from afar with a +0 spear.
You die...

#####
#...###############
#...#..............
#.@.#..............
##'##..............
#gg.)..########...
#gK)...# #...
#...)).########...
#'##...)..........
$$$#....).........
#$$$#..............
#$$$###############


You could see 2 gnolls, a hobgoblin and a kobold.

Vanquished Creatures
  Crazy Yiuf (D:2)
  Natasha (twice) (D:2)
  Terence (D:2)
  2 gnolls (D:3)
  An adder (D:3)
  A worm (D:3)
  2 dart slugs (D:1)
  3 ball pythons (D:1)
  4 bats
  11 endoplasms
  2 giant cockroaches (D:1)
  35 goblins
  24 hobgoblins
  6 kobolds
  6 quokkas
  2 frilled lizards (D:2)
  4 rats (D:1)
107 creatures vanquished.

Vanquished Creatures (others)
  A goblin (D:3)
  205 foxfires
206 creatures vanquished.

Grand Total: 313 creatures vanquished

Notes
Turn   | Place    | Note
-------+----------+-------------------------------------------
     0 | D:1      | Alitron123 the Naga Fire Elementalist began the quest for
                  | the Orb.
     0 | D:1      | Reached XP level 1. HP: 15/15 MP: 3/3
   277 | D:1      | Reached XP level 2. HP: 22/22 MP: 3/5
   325 | D:1      | Learned a level 2 spell: Scorch
   917 | D:1      | Reached XP level 3. HP: 28/28 MP: 1/6
  2140 | D:2      | Found a runed translucent door.
  2141 | D:2      | Noticed Crazy Yiuf
  2266 | D:2      | Noticed Natasha
  2273 | D:2      | Killed Natasha
  2274 | D:2      | Reached skill level 4 in Fire Magic
  2274 | D:2      | Reached XP level 4. HP: 36/36 MP: 0/7
  2701 | D:2      | Noticed Terence
  2708 | D:2      | Killed Terence
  2946 | D:2      | Noticed Natasha
  2952 | D:2      | Killed Natasha
  2953 | D:2      | Reached XP level 5. HP: 36/42 MP: 4/9
  3048 | D:2      | Killed Crazy Yiuf
  3254 | D:3      | Found a shimmering blue altar of Sif Muna.
  4011 | D:3      | Reached XP level 6. HP: 49/49 MP: 6/11
  4286 | D:3      | HP: 2/49 [gnoll/+0 spear (3)]
  4287 | D:3      | Slain by a gnoll

Illustrated notes

Levels and vault maps discovered:
D:1:      matt_arrival_spirals, layout_loops_ring, hangedman_decor_peaks_small
D:2:      layout_loops_corners, kennysheep_nub, uniq_natasha,
          uniq_crazy_yiuf_cottage, uniq_terence
D:3:      minmay_goblin_kobold_castle, layout_loops_ring,
          nicolae_qazlal_scattered_showers, nicolae_sif_muna_little_library

Skill      XL: |  1  2  3  4 |
---------------+-------------+-----
Fire Magic     | 4 |  4.8
Spellcasting   | 3 |  3.8
Dodging        | |  1.8
Stealth        | |  3.8
Unarmed Combat | |  0.4
Conjurations   | |  1.8

Action                   |  1- 3 |  4- 6 || total
-------------------------+-------+-------++-------
Melee: Unarmed           |     2 |    15 ||    17
       Quarterstaff      |       |     2 ||     2
 Cast: Foxfire           |    46 |    78 ||   124
       Scorch            |    17 |    28 ||    45
  Use: Potion            |       |     3 ||     3
Armor: Robe              |     2 |    23 ||    25
Dodge: Dodged            |     4 |    48 ||    52

Table legend: (Time is in decaauts)
 A = Elapsed time spent in this place.
 B = Non-inter-level travel time spent in this place.
 C = Inter-level travel time spent in this place.
 D = Time resting spent in this place.
 E = Time spent auto-exploring this place.
 F = Levels seen in this place.
 G = Mean time per level.
                   A        B        C        D        E       F      G
               +--------+--------+--------+--------+--------+-----+--------+
         Total |   5120 |   5009 |    111 |      0 |   4451 |   3 | 1706.7 |
       Dungeon |   5120 |   5009 |    111 |      0 |   4451 |   3 | 1706.7 |
               +--------+--------+--------+--------+--------+-----+--------+

Top non-repeatable levels by time:
     D:2: 2156 daAuts
     D:1: 1733 daAuts
     D:3: 1229 daAuts
